 Dungeon Crawl Stone Soup version 0.16.1-2-g95b8d4c (console) character file.

216 gw the Ducker (level 5, 0/45 HPs)
             Began as a Draconian Artificer on Mar 25, 2015.
             Slain by an adder (2 damage)
             ... on level 4 of the Dungeon.
             The game lasted 00:04:48 (3820 turns).

gw the Ducker (Draconian Artificer)                 Turns: 3820, Time: 00:04:48

Health: 0/45       AC:  8    Str: 13      XL:     5   Next: 61%
Magic:  7/7        EV: 12    Int: 13      God:
Gold:   216        SH:  0    Dex:  9 (12) Spells: 0 memorised, 4 levels left

rFire  . . .     SeeInvis .     a - +1 short sword
rCold  . . .     Clarity  +     (armour unavailable)
rNeg   . . .     SustAb   .     (no shield)
rPois  .         Gourm    .     (helmet restricted)
rElec  .         Spirit   .     j - +1 cloak
rCorr  .         Warding  .     o - +0 pair of gloves
rMut   .         Stasis   .     (no boots)
MR     .....                    k - amulet of clarity
Stlth  +.........               (no ring)
                                (no ring)

@: very slightly contaminated, not resistant to hostile enchantments, very
unstealthy
A: unfitting armour, cold-blooded, AC +5
a: no special abilities


You were on level 4 of the Dungeon.
You were not hungry.

You visited 1 branch of the dungeon, and saw 4 of its levels.

You collected 216 gold pieces.

Inventory:

Hand weapons
 a - a +1 short sword (weapon)
Missiles
 i - 11 poisoned needles
 q - 29 stones (quivered)
Armour
 j - a +1 cloak (worn)
 o - a +0 pair of gloves (worn)
Jewellery
 k - an amulet of clarity (around neck)
Magical devices
 b - a wand of flame (15)
 c - a wand of enslavement (15)
 d - a wand of random effects (15)
Scrolls
 e - 5 scrolls of identify
 g - 4 scrolls of teleportation
 l - a scroll of remove curse
 p - a scroll of fog
Potions
 n - a potion of invisibility
 u - a potion of restore abilities
Comestibles
 f - 4 bread rations
 h - a meat ration
 t - a beef jerky


   Skills:
 + Level 3.4 Fighting
 - Level 1.0 Short Blades
 + Level 2.6 Throwing
 + Level 3.5 Dodging
 - Level 0.8 Stealth
 - Level 3.0 Evocations


You had 4 spell levels left.
You didn't know any spells.

Dungeon Overview and Level Annotations

Branches:
Dungeon (4/15)
 Temple: D:4-7

Altars:
Dithmenos
Kikubaaqudgha


Innate Abilities, Weirdness & Mutations

Your plain brown scales are hard (AC +5).
Your body does not fit into most forms of armour.
Your cold-blooded metabolism reacts poorly to cold.


Message History

Unknown command.
Unknown command.
Unknown command.
MOVING TO (1,1)
The hound bites you. The adder misses you.
Unknown command.
Unknown command.
Unknown command.
MOVING TO (7,-1) Unknown command.
Unknown command.
Unknown command.
MOVING TO (6,-1)
The hound barely misses you.
Unknown command.
Unknown command.
Unknown command.
MOVING TO (5,-1)
The adder bites you.
You die...

.!..# # ### ##..¤## #.
##.###¤..¤¤#
##..##..##¤¤..¤¤¤ #
#.......#¤¤¤¤..¤¤.##
#........¤¤¤¤.¤¤¤¤..
#.....#......_.¤¤...
...##..#.....lh¤¤¤.w..
# ##.###¤.¤.Sd¤¤¤## #.
##¤¤¤.¤¤¤# .. ##¤...¤#
.# ##..¤## # .....
##..... ##...# ##..# .


You could see an iguana, a hound and an adder.

Table legend:
 A = Turns spent in this place as a percentage of turns spent in the entire game.
 B = Non-inter-level travel turns spent in this place as a percentage of non-inter-level travel turns spent in the entire game.
 C = Inter-level travel turns spent in this place as a percentage of turns spent in this place.
 D = Turns resting spent in this place as a percentage of non-inter-level travel turns spent in this place.
 E = Turns spent auto-exploring this place as a percentage of non-inter-level travel turns spent in this place.
 F = Non-inter-level travel turns spent in this place divided by the number of levels of this place that you've seen.
                   A       B       C       D       E      F
               +-------+-------+-------+-------+-------+----------------------
         Total | 100.0 | 100.0 |   0.5 |   1.0 |   2.1 | 1572.0
       Dungeon | 100.0 | 100.0 |   0.5 |   1.0 |   2.1 | 1572.0
               +-------+-------+-------+-------+-------+----------------------

Table legend:
 A = Kills in this place as a percentage of kills in entire the game.
 B = Kills by you in this place as a percentage of kills by you in the entire game.
 C = Kills by friends in this place as a percentage of kills by friends in the entire game.
 D = Other kills in this place as a percentage of other kills in the entire game.
 E = Experience gained in this place as a percentage of experience gained in the entire game.
 F = Experience gained in this place divided by the number of levels of this place that you have seen.
                   A       B       C       D       E      F
               +-------+-------+-------+-------+-------+----------------------
         Total | 100.0 | 100.0 |  -nan |  -nan | 100.0 |  77.2
       Dungeon | 100.0 | 100.0 |  -nan |  -nan | 100.0 |  77.2
               +-------+-------+-------+-------+-------+----------------------

Vanquished Creatures
  The ghost of gw the Shooter, a weakling VSHu of Qazlal (D:3)
  2 worker ants
  5 adders
  A giant mite (D:3)
  A worm (D:2)
  3 giant geckos
  A ball python (D:3)
  7 bats
  10 goblins
  7 hobgoblins
  6 jackals
  12 kobolds
  3 oozes
  2 quokkas
  4 giant cockroaches
  4 giant newts
  9 rats
78 creatures vanquished.

Notes
Turn   | Place    | Note
--------------------------------------------------------------
     0 | D:1      | gw, the Draconian Artificer, began the quest for the Orb.
     0 | D:1      | Reached XP level 1. HP: 16/16 MP: 1/1
   406 | D:1      | Reached XP level 2. HP: 23/23 MP: 3/3
   816 | D:1      | Reached skill level 1 in Throwing
  1174 | D:2      | Reached XP level 3. HP: 20/29 MP: 4/4
  1620 | D:2      | Reached XP level 4. HP: 32/37 MP: 6/6
  3035 | D:3      | Found an ancient bone altar of Kikubaaqudgha.
  3042 | D:3      | Reached XP level 5. HP: 44/44 MP: 7/7
  3342 | D:3      | Noticed gw's ghost (weakling VSHu)
  3354 | D:3      | Killed gw's ghost
  3806 | D:4      | Found a shadowy altar of Dithmenos.
  3817 | D:4      | HP: 2/45 [hound (3)]
  3820 | D:4      | Slain by an adder

Action                   |  1- 3 |  4- 6 || total
-------------------------+-------+-------++-------
Melee: Short sword       |   149 |   170 ||   319
Throw: Stone             |    19 |    75 ||    94
  Use: Scroll            |     3 |     9 ||    12
       Potion            |     1 |     5 ||     6
 Stab: Sleeping          |       |     2 ||     2
  Eat: Chunk             |     2 |     8 ||    10

Vault maps used:
D:1:      dpeg_arrival_tiny_a
D:2:      minmay_stone_trees_large
D:3:      lemuel_coloured_pillars_altar, first_bread, grunt_ministairs_4
D:4:      yredelemnul_altar_generic, nicolae_dithmenos_the_darkroom,
          kennysheep_generic_room_4
